 Dungeon Crawl Stone Soup version 0.29.1-2-gbd0b4ee654 (webtiles) character file.

Game seed: 5862734391773195314

46 boopmooplesden the Covered (level 3, -6/33 HPs)
             Began as a Minotaur Fighter on Nov 8, 2022.
             Killed by divine providence
             ... invoked by an orc priest
              (15 damage)
             ... on level 3 of the Dungeon.
             The game lasted 00:01:55 (1660 turns).

boopmooplesden the Covered (Minotaur Fighter)       Turns: 1660, Time: 00:01:56

Health: -6/33      AC:  7    Str: 22    XL:     3   Next: 46%
Magic:  2/2        EV:  9    Int:  5    God:
Gold:   84         SH:  4    Dex:  9    Spells: 2/2 levels left

rFire   . . .      SeeInvis .   a - +0 war axe
rCold   . . .      Faith    .   c - +0 buckler
rNeg    . . .      Spirit   .   b - +0 scale mail
rPois   .          Reflect  .   (helmet restricted)
rElec   .          Harm     .   (no cloak)
rCorr   .          Rampage  .   (no gloves)
Will    .....                   (no boots)
Stlth   ..........              (no amulet)
HPRegen 0.11/turn               (no ring)
MPRegen 0.08/turn               (no ring)

@: mighty
A: horns 2, retaliatory headbutt
a: no special abilities


You were on level 3 of the Dungeon.
You visited 1 branch of the dungeon, and saw 3 of its levels.

You collected 84 gold pieces.

Inventory:

Hand Weapons
 a - a +0 war axe (weapon)
Armour
 b - a +0 scale mail (worn)
 c - a +0 buckler (worn)
Scrolls
 e - a scroll of vulnerability {unknown}
 g - 3 scrolls of teleportation {unknown}
 i - 2 scrolls of enchant armour {unknown}
 k - 6 scrolls of identify {unknown}
 n - a scroll of fear {unknown}
Potions
 f - a potion of flight {unknown}
 h - 2 potions of heal wounds {unknown}
 j - a potion of mutation {unknown}
 l - a potion of invisibility {unknown}
 m - 2 potions of cancellation {unknown}
 o - a potion of haste {unknown}


   Skills:
 + Level 4.0 Fighting
 + Level 3.0 Axes
 + Level 4.4 Armour
 + Level 4.1 Shields


You had 2 spell levels left.
You didn't know any spells.
Your spell library was empty.

Dungeon Overview and Level Annotations

Branches:
Dungeon (3/15)

Altars:
Elyvilon
Vehumet

Shops:
D:1 !


Innate Abilities, Weirdness & Mutations

You have a pair of horns on your head.
You reflexively headbutt those who attack you in melee.


Message History

You open the door.
Found a radiant altar of Vehumet.
There is an open door here.
k - 6 scrolls labelled QUCWIUSOKA (gained 1)
There is a radiant altar of Vehumet here.
You open the door.
There is an open door here.
Found a stone staircase leading up.
Found a stone staircase leading up.
You open the door. 2 orcs and an orc priest come into view.
The orc shouts!
The orc priest shouts!
An orc priest comes into view. It is wielding a +0 flail.
Found 4 stones and a robe.
There are monsters nearby!
There are monsters nearby!
You feel very mighty all of a sudden.
A bat comes into view.
The bat moves out of view.
You hit the orc.
The orc is almost dead.
The orc priest calls down the wrath of Beogh upon you.
Beogh smites you!
The orc priest invokes the aid of Beogh against you.
Beogh smites you! You block the orc's attack.
You slice the orc!!
You kill the orc!
You closely miss the orc. The orc hits you with a +0 club. x2
* * * LOW HITPOINT WARNING * * *
You barely miss the orc. The orc closely misses you. You furiously retaliate!
You headbutt the orc!
You kill the orc!
The orc priest looks braver for a moment.
Your Axes skill increases to level 3!
You slash the orc priest! You headbutt the orc priest.
You kill the orc priest!
The bat barely misses you.
The orc priest calls down the wrath of Beogh upon you.
Beogh smites you!
You die...

#.# #.#
###############
#.###.............#
<...#.###########.#
...<#.# ### #.#
......# .... #.#
....#.# ....( #.#
....#.# #..o##.#
#.###.# #..)@.# ...
..# #.b##.# #.# #.#
#[. #.# #. #.# ...
#.# .# ... #.# ##
#.# #.# #.#


You could see an orc priest and a bat.

Vanquished Creatures
  An orc priest (D:3)
  A dart slug (D:1)
  2 orcs (D:3)
  2 endoplasms
  4 giant cockroaches
  4 goblins
  4 hobgoblins
  4 jackals (D:1)
  2 quokkas
  3 ball pythons
  2 bats
  A frilled lizard (D:1)
  A kobold (D:1)
  7 rats
38 creatures vanquished.

Notes
Turn   | Place    | Note
-------+----------+-------------------------------------------
     0 | D:1      | boopmooplesden the Minotaur Fighter began the quest for the
                  | Orb.
     0 | D:1      | Reached XP level 1. HP: 19/19 MP: 0/0
     3 | D:1      | You fall into a shaft and drop 1 floor!
   196 | D:2      | Reached XP level 2. HP: 27/27 MP: 1/1
   379 | D:1      | Found Pietakk's Distillery.
   547 | D:1      | Reached XP level 3. HP: 29/33 MP: 2/2
  1083 | D:2      | Found a white marble altar of Elyvilon.
  1467 | D:3      | Found a faded altar of an unknown god.
  1597 | D:3      | Found a radiant altar of Vehumet.
  1660 | D:3      | Killed from afar by an orc priest

Illustrated notes

Levels and vault maps discovered:
D:1:      roderic_chinese_lattice_arrival, layout_loops_ring, serial_shops, shop
D:2:      layout_basic, basic_altar
D:3:      layout_loops_ring, nicolae_vehumet_altar_sigil, old_standard_altar,
          ebering_ecumenical_altar_sacrificial, minivault_26,
          kennysheep_another_room, grunt_ministairs_12

Skill      XL: |  1  2  3 |
---------------+----------+-----
Armour         | 4 |  4.4
Shields        | 4 |  4.1
Fighting       | 4 |  4.0
Axes           | 3 |  3.0

Action                   || total
-------------------------++-------
Melee: War axe           ||    78
       Headbutt          ||     7
  Use: Potion            ||     1
Armor: Scale mail        ||    43
Dodge: Dodged            ||    46
Block: Buckler           ||    21
